 Dungeon Crawl Stone Soup version 0.28.0-53-g5a82cb258f (webtiles) character file.

Game seed: 4994538937224367962

112 Cape the Chopper (level 4, 0/60 HPs)
             Began as a Minotaur Berserker on Aug 9, 2022.
             Was a Follower of Trog.
             Slain by an adder (4 damage)
             ... on level 2 of the Dungeon.
             The game lasted 00:02:12 (1836 turns).

Cape the Chopper (Minotaur Berserker)               Turns: 1836, Time: 00:02:12

Health: 0/60       AC:  2    Str: 24    XL:     4   Next: 63%
Magic:  3/3        EV: 12    Int:  4    God:    Trog [*.....]
Gold:   49         SH:  0    Dex:  9    Spells: 3/3 levels left

rFire   . . .      SeeInvis .   a - +0 hand axe
rCold   . . .      Faith    .   (no shield)
rNeg    . . .      Spirit   .   b - +0 animal skin
rPois   .          Reflect  .   (helmet restricted)
rElec   .          Harm     .   (no cloak)
rCorr   .          Rampage  .   (no gloves)
Will    .....                   (no boots)
Stlth   ..........              (no amulet)
HPRegen 0.20/turn               (no ring)
MPRegen 0.08/turn               (no ring)

@: berserking, lethally poisoned (0 -> -9), very quick
A: horns 2, retaliatory headbutt
a: Renounce Religion, Berserk


You were on level 2 of the Dungeon.
You worshipped Trog.
Trog was aware of your devotion.
You visited 1 branch of the dungeon, and saw 2 of its levels.

You collected 49 gold pieces.

Inventory:

Hand Weapons
 a - a +0 hand axe (weapon)
Missiles
 g - 4 stones (quivered)
Armour
 b - a +0 animal skin (worn)
Jewellery
 d - an amulet of reflection
Scrolls
 e - a scroll of fog {unknown}
 i - a scroll of teleportation {unknown}
Potions
 c - a potion of attraction {unknown}
 f - a potion of curing {unknown}
 h - a potion of ambrosia {unknown}


   Skills:
 + Level 4.2 Fighting
 * Level 4.7 Axes
 * Level 4.0 Armour
 + Level 2.9 Dodging


You had 3 spell levels left.
You didn't know any spells.
Your spell library was empty.

Dungeon Overview and Level Annotations

Branches:
Dungeon (2/15)

Altars:


Innate Abilities, Weirdness & Mutations

You have a pair of horns on your head.
You reflexively headbutt those who attack you in melee.


Message History

The adder bites you.
You are poisoned.
The adder poisons you! The adder barely misses you.
You miss the adder. Your headbutt misses the adder.
You feel sick. The adder bites you.
You are more poisoned.
The adder poisons you!
You closely miss the adder.
You feel sick. The adder bites you but does no damage. The adder bites you.
You barely miss the adder. Your headbutt misses the adder.
You feel sick. The adder bites you.
You are more poisoned.
The adder poisons you!
You miss the adder.
You feel sick. The adder bites you.
You are more poisoned.
The adder poisons you!
You are too injured to fight recklessly!
You are too injured to fight recklessly!
You are too injured to fight recklessly!
You are too injured to fight recklessly!
You closely miss the adder.
You feel very sick. The adder barely misses you. The adder bites you.
You are more poisoned.
The adder poisons you!
You barely miss the adder. Your headbutt misses the adder.
You feel sick. The adder bites you.
* * * LOW HITPOINT WARNING * * *
You closely miss the adder.
* * * LOW HITPOINT WARNING * * *
You feel sick. The adder bites you.
* * * LOW HITPOINT WARNING * * *
You are more poisoned.
The adder poisons you!
A red film seems to cover your vision as you go berserk!
You feel yourself moving faster!
You feel mighty!
* * * LOW HITPOINT WARNING * * *
You feel very sick. The adder misses you. The adder bites you.
You die...

......................
#############..###.###
# ##.# # #.# #.## #..#
##.## #..# ##@# #S#


bKr #.r.. #..... #...... #....... #......## You could see an adder, a quokka, a
bat, a kobold and a rat.

Vanquished Creatures
  A phantom (D:2)
  A worm (D:2)
  A dart slug (D:1)
  A ball python (D:1)
  A bat (D:1)
  5 endoplasms (D:1)
  A giant cockroach (D:1)
  A goblin (D:1)
  5 hobgoblins (D:1)
  2 quokkas (D:1)
  2 frilled lizards
  4 kobolds (D:1)
  4 rats
29 creatures vanquished.

Notes
Turn   | Place    | Note
-------+----------+-------------------------------------------
     0 | D:1      | Cape the Minotaur Berserker began the quest for the Orb.
     0 | D:1      | Reached XP level 1. HP: 19/19 MP: 0/0
   269 | D:1      | Reached XP level 2. HP: 14/27 MP: 1/1
  1305 | D:1      | Reached XP level 3. HP: 33/33 MP: 2/2
  1668 | D:2      | Noticed a phantom
  1688 | D:2      | Killed a phantom
  1689 | D:2      | Reached XP level 4. HP: 27/40 MP: 3/3
  1836 | D:2      | Slain by an adder

Illustrated notes

Levels and vault maps discovered:
D:1:      matt_arrival_grand_opening, layout_basic, grunt_decor_resistance,
          minmay_strange_pillars
D:2:      layout_basic, corexii_hall_statues_i

Skill      XL: |  1  2  3 |
---------------+----------+-----
Axes           | 4 |  4.7
Armour         | 3 4 |  4.0
Fighting       | 4 |  4.2
Dodging        | |  2.9

Action                   |  1- 3 |  4- 6 || total
-------------------------+-------+-------++-------
Melee: Hand axe          |    57 |    10 ||    67
       Headbutt          |     6 |       ||     6
       Punch             |     1 |       ||     1
Throw: Stone             |     4 |       ||     4
Invok: Berserk           |       |     1 ||     1
  Use: Scroll            |     1 |       ||     1
 Stab: Sleeping          |     1 |       ||     1
Armor: Animal skin       |     9 |     2 ||    11
Dodge: Dodged            |    27 |     5 ||    32
